 Dungeon Sprint DCSS version 0.31-a0-4-gefa6de2278 (webtiles) character file.

Game seed: 16987432835372777607

333 sircluck the Cleaver (level 6, -6/62 HPs)
             Began as a Hill Orc Fighter on May 4, 2023.
             Was an Initiate of Beogh.
             Killed by vampiric draining
             ... invoked by a vampire
              (13 damage)
             ... in the Dungeon (Sprint IX: "|||||||||||||||||||||||||||||").
             The game lasted 00:00:57 (337 turns).

sircluck the Cleaver (Hill Orc Fighter)              Turns: 337, Time: 00:00:57

Health: -6/62      AC: 14    Str: 21    XL:     6   Next: 52%
Magic:  6/6        EV:  9    Int: 11    God:    Beogh [......]
Gold:   0          SH:  5    Dex: 13    Spells: 5/5 levels left

rFire   . . .        n - +3 war axe (freeze)
rCold   . . .        c - +0 buckler
rNeg    . . .        s - +1 chain mail
rPois   .            o - +0 helmet
rElec   .            (no cloak)
rCorr   .            (no gloves)
SInv    .            p - +0 pair of boots
Will    .....        (no amulet) Stlth
                     q - +3 ring of intelligence
HPRegen 0.30/turn    r - +3 ring of dexterity
MPRegen 0.10/turn

%: no teleportation
@: weakened
A: no striking features
a: Renounce Religion


You were in the Dungeon.
You worshipped Beogh.
Beogh was noncommittal.
You visited 1 branch

Inventory:

Hand Weapons
 a - a +0 war axe
 n - a +3 war axe of freezing (weapon)
Armour
 b - a +0 scale mail
 c - a +0 buckler (worn)
 o - a +0 helmet (worn)
 p - a +0 pair of boots (worn)
 s - a +1 chain mail (worn)
Jewellery
 q - a +3 ring of intelligence (left hand)
 r - a +3 ring of dexterity (right hand)
Wands
 m - a wand of acid (10)
Scrolls
 j - 2 scrolls of blinking
 l - 2 scrolls of amnesia
Potions
 d - a potion of might
 e - 5 potions of curing
 f - 3 potions of heal wounds
 g - a potion of haste
 h - 4 potions of magic
 i - a potion of berserk rage
 k - a potion of invisibility


   Skills:
 + Level 8.6 Fighting
 + Level 9.8 Axes
 + Level 8.0 Armour
 + Level 2.0 Dodging
 + Level 6.9 Shields


You had 5 spell levels left.
You didn't know any spells.
Your spell library was empty.

Dungeon Overview and Level Annotations

Branches:
Dungeon (1/1)

Altars:
Cheibriados
Dithmenos
Elyvilon
Fedhas
Gozag
Hepliaklqana
Kikubaaqudgha
Makhleb
Nemelex Xobeh
Okawaru
Qazlal
Ru
Sif Muna
Trog
Uskayaw
Vehumet
Wu Jian
Xom
Yredelemnul
Zin
The Shining One
Beogh
Jiyva
Lugonu


Message History

You slash the yak! You freeze the yak.
You kill the yak!
Beogh accepts your kill.
Your Fighting skill increases to level 8!
Your Axes skill gained 2 levels and is now at level 9!
Your Armour skill increases to level 8!
Your Dodging skill increases to level 2!
You have reached level 6!
You hit something. Something hits you but does no damage.
You block something's attack.
You barely miss something. Something hits you! Something bites you.
Something draws strength from your injuries!
You miss something. Something completely misses you. Something bites you.
Something draws strength from your injuries!
The gnoll bouda gazes fiercely through you!
You feel as though you will be weak longer.
You miss something. Something hits you but does no damage.
Something bites you but does no damage.
You slash something! You freeze something.
Something hits you but does no damage. Something bites you!
Something draws strength from your injuries!
You closely miss something. Something hits you but does no damage.
Something bites you but does no damage.
You slash something! You freeze something. Something hits you.
Something bites you but does no damage.
You hit something. Something completely misses you. Something bites you.
* * * LOW HITPOINT WARNING * * *
Something draws strength from your injuries!
You hit something.
A vampire appears from thin air!
Reactivating autopickup.
The vampire barely misses you. You block the vampire's attack.
You hit the vampire. You freeze the vampire.
The vampire is severely damaged.
The vampire hits you.
* * * LOW HITPOINT WARNING * * *
The vampire bites you!
* * * LOW HITPOINT WARNING * * *
The vampire draws strength from your injuries!
The vampire draws life force from you!
You die...

▓_▓
▓_▓
▓'▓
▓.▓
▓.▓
▓)▓
▓.▓
▓.▓
▓@▓
▓V▓
▓g▓
▓z▓
▓K▓
▓.▓
▓.▓
▓.▓
▓.▓


You could see a vampire, a kobold brigand, a gnoll bouda and a wight.

Vanquished Creatures
  A yak (D)
  An orc warrior (D)
  A scorpion (D)
  A jelly (D)
  An orc (D)
  2 hobgoblins (D)
  A kobold (D)
  2 quokkas (D)
  A ball python (D)
  A rat (D)
12 creatures vanquished.

Notes
Turn   | Place    | Note
-------+----------+-------------------------------------------
     0 | D        | sircluck the Hill Orc Fighter began the quest for the Orb.
     0 | D        | Reached XP level 1. HP: 19/19 MP: 1/1
    65 | D        | Noticed a scorpion
    65 | D        | Noticed a jelly
    71 | D        | Reached skill level 3 in Axes
    71 | D        | Reached XP level 2. HP: 27/28 MP: 2/2
    83 | D        | Killed a scorpion
    84 | D        | Reached skill level 5 in Axes
    84 | D        | Reached skill level 5 in Armour
    84 | D        | Reached skill level 5 in Shields
    84 | D        | Reached XP level 3. HP: 20/37 MP: 3/3
    84 | D        | Reached XP level 4. HP: 24/44 MP: 4/4
    88 | D        | Reached skill level 1 in Dodging
    98 | D        | Found a roughly hewn altar of Beogh.
    98 | D        | Found a snail-covered altar of Cheibriados.
    98 | D        | Found a shadowy altar of Dithmenos.
    98 | D        | Found a white marble altar of Elyvilon.
    98 | D        | Found a blossoming altar of Fedhas.
    98 | D        | Found an opulent altar of Gozag.
    99 | D        | Found a hazy altar of Hepliaklqana.
   100 | D        | Found a viscous altar of Jiyva.
   101 | D        | Found an ancient bone altar of Kikubaaqudgha.
   102 | D        | Found a corrupted altar of Lugonu.
   105 | D        | Became a worshipper of Beogh the Brigand
   242 | D        | Found a burning altar of Makhleb.
   243 | D        | Found a sparkling altar of Nemelex Xobeh.
   244 | D        | Found an iron altar of Okawaru.
   245 | D        | Found a stormy altar of Qazlal.
   246 | D        | Found a sacrificial altar of Ru.
   247 | D        | Found a shimmering blue altar of Sif Muna.
   248 | D        | Found a bloodstained altar of Trog.
   249 | D        | Found a hide-covered altar of Uskayaw.
   250 | D        | Found a radiant altar of Vehumet.
   251 | D        | Found an ornate altar of the Wu Jian Council.
   252 | D        | Found a shimmering altar of Xom.
   253 | D        | Found a basalt altar of Yredelemnul.
   254 | D        | Found a glowing silver altar of Zin.
   255 | D        | Found a glowing golden altar of the Shining One.
   310 | D        | Noticed an orc warrior
   310 | D        | Noticed a yak
   310 | D        | Noticed a vampire
   310 | D        | Noticed a kobold brigand
   324 | D        | Killed an orc warrior
   325 | D        | Reached skill level 7 in Axes
   325 | D        | Reached XP level 5. HP: 31/52 MP: 5/5
   327 | D        | Killed a yak
   328 | D        | Reached skill level 9 in Axes
   328 | D        | Reached XP level 6. HP: 38/62 MP: 6/6
   337 | D        | Killed from afar by a vampire

Illustrated notes

Levels and vault maps discovered:
D:        linesprint [early_d, line_temple, items_1, d_10, items_2, lair_1,
          lair_end, items_3, orc_1, orc_end, items_4, d_15, swamp_1, shoals_1,
          snake_1, spider_1, d_20, vaults_1, items_5, swamp_end, shoals_end,
          snake_end, spider_end, vaults_end, d_27, items_6, zot_1, zot_end,
          crypt_end, forest_end, elf_end, slime_end, tomb_end, abyss_end,
          pan_hell_end]

Skill      XL: |  1  2  3  4  5 |
---------------+----------------+-----
Fighting       | 4 6 7 8 |  8.6
Armour         | 4 5 7 8 |  8.0
Axes           | 3 5 7 9 |  9.8
Shields        | 5 6 |  6.9
Dodging        | 1 2 |  2.0

Action                     |  1- 3 |  4- 6 || total
---------------------------+-------+-------++-------
  Melee: War axe           |    36 |    30 ||    66
 Armour: Scale mail        |    15 |     1 ||    16
         Chain mail        |       |    10 ||    10
  Dodge: Dodged            |    11 |     8 ||    19
  Block: Buckler           |     8 |     8 ||    16

Table legend: (Time is in decaauts)
 A = Elapsed time spent in this place.
 B = Non-inter-level travel time spent in this place.
 C = Inter-level travel time spent in this place.
 D = Time resting spent in this place.
 E = Time spent auto-exploring this place.
 F = Levels seen in this place.
 G = Mean time per level.
                   A        B        C        D        E       F      G
               +--------+--------+--------+--------+--------+-----+--------+
         Total |    354 |    354 |      0 |      0 |    184 |   1 |  354.0 |
       Dungeon |    354 |    354 |      0 |      0 |    184 |   1 |  354.0 |
               +--------+--------+--------+--------+--------+-----+--------+

Top non-repeatable levels by time:
       D: 354 daAuts
